 Dungeon Crawl Stone Soup version 0.28-a0-556-gab23d0e057 (webtiles) character file.

Game seed: 10086739898373178198

2289 robertstho the Thaumaturge (level 9, 0/57 HPs)
             Began as a Djinni Fire Elementalist on Sept 28, 2021.
             Slain by Harold (12 damage)
             ... on level 7 of the Dungeon.
             The game lasted 00:09:03 (8120 turns).

robertstho the Thaumaturge (DjFE)                   Turns: 8120, Time: 00:09:04

Health: 0/57       AC: 11    Str:  7    XL:     9   Next: 66%
Gold:   191        EV: 10    Int: 20    God:
                   SH:  0    Dex: 14

rFire   + + .      SeeInvis .   j - +0 scimitar (flame)
rCold   x . .      Faith    .   (no shield)
rNeg    . . .      Spirit   .   n - +0 swamp dragon scales
rPois   ∞          Reflect  .   l - +0 helmet
rElec   .          Harm     .   h - +2 cloak {Will+}
rCorr   .          Rampage  .   (no gloves)
Will    +....                   (boots unavailable)
Stlth   ++........              (no amulet)
HPRegen 0.19/turn               (no ring)
MPRegen 0.00/turn               (no ring)

@: flying
A: sickness immunity, fire resistance 2, cold vulnerability 1, float, innate
caster, hp casting, extra vitality 1
a: no special abilities


You were on level 7 of the Dungeon.
You visited 1 branch of the dungeon, and saw 7 of its levels.

You collected 191 gold pieces.

Inventory:

Hand Weapons
 c - a +0 short sword
 j - a +0 scimitar of flaming (weapon)
Armour
 h - a +2 cloak of willpower (worn)
 l - a +0 helmet (worn)
 n - +0 swamp dragon scales (worn)
Wands
 q - a wand of flame (5)
Scrolls
 g - a scroll of teleportation
 k - a scroll of enchant armour
 m - a scroll of blinking {unknown}
 o - a scroll of holy word
 p - a scroll of magic mapping
Potions
 b - 2 potions of berserk rage
 d - 2 potions of curing
 e - a potion of attraction {unknown}
 f - 4 potions of lignification {unknown}
 i - a potion of flight {unknown}
 r - a potion of degeneration {unknown}


   Skills:
 + Level 1.0 Fighting
 + Level 1.3 Short Blades
 + Level 3.6 Dodging
 + Level 3.4 Stealth
 + Level 9.0 Spellcasting
 + Level 0.2 Evocations


You had 3 spell levels left.
You knew the following spells:

 Your Spells              Type           Power      Damage    Failure   Level
a - Foxfire               Conj/Fire      100%       2x1d9     1%          1
b - Scorch                Fire           90%        2d10      1%          2
c - Conjure Flame         Conj/Fire      45%        6-21      1%          3
d - Inner Flame           Hex/Fire       45%        N/A       1%          3
e - Flame Wave            Conj/Fire      45%        3d9       7%          4
f - Animate Skeleton      Necr           90%        N/A       1%          1
g - Wereblood             Tmut           45%        N/A       1%          2
h - Gell's Gravitas       Tloc           22%        N/A       1%          3
i - Petrify               Tmut/Erth      45%        N/A       7%          4
Your spell library was empty.

Dungeon Overview and Level Annotations

Branches:
Dungeon (7/15)
 Temple: D:4-7

Altars:
Ashenzari
Hepliaklqana
Kikubaaqudgha
Vehumet
Zin

Annotations:
D:4 1 runed translucent door, Maimakterion's ghost, amateur DsFE
D:7 Harold


Innate Abilities, Weirdness & Mutations

You are immune to sickness and miasma.
You are immune to poison.
Your flesh is very heat resistant. (rF++)
You are vulnerable to cold. (rC-)
You float through the air rather than walking.
You learn spells naturally, not from books.
Your magical power is your life essence.
You have superior vitality. (+4 HP)


Message History

Unknown command.
Casting: Scorch (safe; 1% risk of failure)
Confirm with . or Enter, or press ? or * to list all spells.
Flames lash Harold.
Harold is burned terribly!
Harold is severely wounded.
Unknown command.
Casting: Scorch (safe; 1% risk of failure)
Confirm with . or Enter, or press ? or * to list all spells.
Flames lash the orc.
You kill the orc!
Unknown command.
Casting: Scorch (safe; 1% risk of failure)
Confirm with . or Enter, or press ? or * to list all spells.
Flames lash Harold.
Harold is burned terribly!
Harold is almost dead.
An orc comes into view. It is wielding a +0 short sword.
Unknown command.
Casting: Scorch (safe; 1% risk of failure)
Confirm with . or Enter, or press ? or * to list all spells.
Flames lash Harold.
Harold is burned terribly!
Harold is almost dead.
Harold is no longer more vulnerable to fire.
Unknown command.
Casting: Scorch (safe; 1% risk of failure)
Confirm with . or Enter, or press ? or * to list all spells.
Flames lash Harold.
Harold is almost dead.
Harold's fire resistance burns away.
Harold is no longer petrified.
Harold hits you with a +5 long sword of electrocution.
Unknown command.
Casting: Scorch (safe; 1% risk of failure)
Confirm with . or Enter, or press ? or * to list all spells.
Flames lash the orc.
You kill the orc!
* * * LOW HITPOINT WARNING * * *
Harold hits you with a +5 long sword of electrocution!
* * * LOW HITPOINT WARNING * * *
You feel better.
Harold hits you with a +5 long sword of electrocution!
You die...

#.. #(.##
#####...##
.........##
........
#.....
####...@###.##
.....))@[[...#
####.#.####..#
#. ##


You could see Harold (combustible).

Vanquished Creatures
  A two-headed ogre (D:6)
  Maggie (D:6)
  Sigmund (D:4)
  An orc warrior (D:7)
  A necrophage (D:5)
  A centaur (D:5)
  A phantom (D:5)
  A kobold brigand (D:4)
  2 bullfrogs (D:6)
  A scorpion (D:6)
  A water moccasin skeleton (D:4)
  2 vampire bats (D:4)
  A centaur zombie (D:6)
  2 hounds
  Crazy Yiuf (D:6)
  An orc priest (D:7)
  Terence (D:2)
  3 iguanas
  Natasha (twice) (D:3)
  3 orc wizards
  6 adders
  A white imp (D:7)
  An ufetubus (D:6)
  An adder skeleton (D:4)
  5 worms
  14 orcs
  5 bats (D:1)
  2 bat skeletons (D:4)
  3 bat zombies (D:4)
  4 endoplasms
  4 giant cockroaches
  6 goblins
  6 hobgoblins
  4 jackals (D:2)
  9 kobolds
  A quokka (D:1)
  7 ball pythons
  3 frilled lizards
  2 rats
112 creatures vanquished.

Vanquished Creatures (others)
  243 foxfires
243 creatures vanquished.

Grand Total: 355 creatures vanquished

Notes
Turn   | Place    | Note
-------+----------+-------------------------------------------
     0 | D:1      | robertstho the Djinni Fire Elementalist began the quest for
                  | the Orb.
     0 | D:1      | Reached XP level 1. HP: 15/15 MP: 0/0
    86 | D:1      | Reached XP level 2. HP: 10/21 MP: 0/0
   872 | D:1      | Reached skill level 3 in Spellcasting
  1244 | D:1      | Reached XP level 3. HP: 21/25 MP: 0/0
  1244 | D:1      | Learned a level 1 spell: Animate Skeleton
  2216 | D:2      | Found a faded altar of an unknown god.
  2370 | D:2      | Reached XP level 4. HP: 29/31 MP: 0/0
  2664 | D:2      | Noticed Terence
  2681 | D:2      | Killed Terence
  3266 | D:3      | Reached XP level 5. HP: 14/35 MP: 0/0
  3266 | D:3      | Learned a level 2 spell: Wereblood
  3597 | D:3      | Noticed Natasha
  3602 | D:3      | Killed Natasha
  3836 | D:3      | Reached skill level 4 in Spellcasting
  4077 | D:3      | Found a hazy altar of Hepliaklqana.
  4259 | D:3      | Noticed Natasha
  4305 | D:3      | Killed Natasha
  4306 | D:3      | Reached XP level 6. HP: 34/40 MP: 0/0
  4547 | D:4      | Noticed Sigmund
  4797 | D:4      | Reached skill level 5 in Spellcasting
  4926 | D:4      | Reached XP level 7. HP: 39/45 MP: 0/0
  4926 | D:4      | Learned a level 3 spell: Gell's Gravitas
  5088 | D:4      | Noticed Maimakterion's ghost (amateur DsFE)
  5089 | D:4      | Found a runed translucent door.
  5163 | D:4      | Killed Sigmund
  5576 | D:4      | Reached skill level 6 in Spellcasting
  5698 | D:5      | Entered Level 5 of the Dungeon
  5818 | D:5      | Reached XP level 8. HP: 43/50 MP: 0/0
  6296 | D:5      | Found a glowing silver altar of Zin.
  6296 | D:5      | Noticed an angel
  6664 | D:6      | Reached skill level 7 in Spellcasting
  6761 | D:6      | Found a broken altar of Ashenzari.
  6890 | D:6      | Noticed a two-headed ogre
  6896 | D:6      | Killed a two-headed ogre
  6897 | D:6      | Reached skill level 1 in Short Blades
  6897 | D:6      | Reached skill level 8 in Spellcasting
  6897 | D:6      | Reached XP level 9. HP: 21/56 MP: 0/0
  6897 | D:6      | Learned a level 4 spell: Petrify
  7379 | D:6      | Found a runed translucent door.
  7380 | D:6      | Noticed Crazy Yiuf
  7604 | D:6      | Killed Crazy Yiuf
  7678 | D:7      | Noticed Maggie
  7717 | D:6      | Killed Maggie
  7718 | D:6      | Reached skill level 1 in Fighting
  7985 | D:7      | Reached skill level 9 in Spellcasting
  8097 | D:7      | Noticed Harold
  8120 | D:7      | Slain by Harold

Illustrated notes

Levels and vault maps discovered:
D:1:      minmay_arrival_stone_box, layout_basic
D:2:      layout_loops_ring, ebering_ecumenical_altar_hall,
          chequers_serial_rivers_room_a, uniq_terence
D:3:      layout_loops_ring, nicolae_hepliaklqana_hippocampus, uniq_natasha
D:4:      layout_rooms, kennysheep_vampire_church,
          hellmonk_ghost_happy_afterlife, serial_bayou_ford_a, uniq_sigmund
D:5:      layout_loops_ring, zin_angel, grunt_decor_arrowhead,
          minmay_large_rounded_square
D:6:      layout_loops_cross, mainiacjoe_overflow_brackets,
          mainiacjoe_overflow_cross_hatched, uniq_crazy_yiuf_cottage
D:7:      layout_loops_ring, nicolae_uskayaw_murder_on_the_dancefloor,
          minmay_temple_entry_butterflies, serial_shops, shop,
          guppyfry_shop_venom, uniq_maggie, uniq_harold

Skill      XL: |  1  2  3  4  5  6  7  8  9 |
---------------+----------------------------+-----
Spellcasting   | 3 4 5 6 8 9 |  9.0
Stealth        | 2 3 |  3.4
Dodging        | 3 |  3.6
Short Blades   | 1 |  1.3
Fighting       | 1 |  1.0
Evocations     | |  0.2

Action                   |  1- 3 |  4- 6 |  7- 9 || total
-------------------------+-------+-------+-------++-------
Melee: Unarmed           |     3 |       |       ||     3
       Short sword       |     3 |     3 |     8 ||    14
 Cast: Foxfire           |    74 |    12 |    59 ||   145
       Scorch            |    11 |    64 |    80 ||   155
       Flame Wave        |       |       |     3 ||     3
       Petrify           |       |       |     8 ||     8
Evoke: Wand              |       |       |     4 ||     4
  Use: Scroll            |       |     3 |     4 ||     7
       Potion            |       |     1 |     4 ||     5
Armor: Robe              |     3 |     7 |    11 ||    21
       Swamp dragon scal |       |       |     4 ||     4
Dodge: Dodged            |    10 |    24 |    31 ||    65

Table legend: (Time is in decaauts)
 A = Elapsed time spent in this place.
 B = Non-inter-level travel time spent in this place.
 C = Inter-level travel time spent in this place.
 D = Time resting spent in this place.
 E = Time spent auto-exploring this place.
 F = Levels seen in this place.
 G = Mean time per level.
                   A        B        C        D        E       F      G
               +--------+--------+--------+--------+--------+-----+--------+
         Total |   8132 |   7994 |    138 |    619 |   6599 |   7 | 1161.7 |
       Dungeon |   8132 |   7994 |    138 |    619 |   6599 |   7 | 1161.7 |
               +--------+--------+--------+--------+--------+-----+--------+

Top non-repeatable levels by time:
     D:1: 1888 daAuts
     D:3: 1641 daAuts
     D:6: 1419 daAuts
     D:2: 1169 daAuts
     D:4: 1009 daAuts
     D:5: 910 daAuts
     D:7: 93 daAuts
